 Dungeon Sprint DCSS version 0.23-a0-565-g3e74e4c (webtiles) character file.

11 KernelPanic the Skirmisher (level 2, 0/42 HPs)
             Began as a Minotaur Berserker on Dec 13, 2018.
             Was a Believer of Trog.
             Slain by a wolf (1 damage)
             ... in the Dungeon (Sprint III: "The Ten Rune Challenge").
             The game lasted 00:00:25 (155 turns).

KernelPanic the Skirmisher (Minotaur Berserker)      Turns: 155, Time: 00:00:26

Health: 0/42       AC:  2    Str: 26    XL:     2   Next: 17%
Magic:  1/1        EV: 13    Int:  4    God:    Trog [**....]
Gold:   16         SH:  0    Dex:  9    Spells: 1/1 levels left

rFire    . . .     SeeInvis .   a - +0 hand axe
rCold    . . .     Gourm    .   (no shield)
rNeg     . . .     Faith    .   b - +0 animal skin
rPois    .         Spirit   .   (helmet restricted)
rElec    .         Reflect  .   (no cloak)
rCorr    .         Harm     .   (no gloves)
MR       .....     NoTele   +   (no boots)
Stlth    ..........             (no amulet)
HPRegen  0.14/turn              (no ring)
MPRegen  0.07/turn              (no ring)

@: berserking, very quick
A: retaliatory headbutt, horns 2
a: Berserk, Trog's Hand, Renounce Religion


You were in the Dungeon.
You worshipped Trog.
Trog was pleased with you.
You were not hungry.

You visited 1 branch You collected 16 gold pieces.

Inventory:

Hand Weapons
 a - a +0 hand axe (weapon)
Armour
 b - a +0 animal skin (worn)
Scrolls
 i - a scroll of blinking
 j - a scroll of fear {unknown}
Potions
 d - a potion of curing
 e - a potion of heal wounds
 f - a potion of haste
 g - 2 potions of magic
 h - a potion of berserk rage
Comestibles
 c - a ration


   Skills:
 + Level 4.5 Fighting
 + Level 4.5 Axes
 + Level 3.5 Armour
 + Level 3.2 Dodging


You had one spell level left.
You didn't know any spells.
Your spell library was empty.

Dungeon Overview and Level Annotations

Branches:
Dungeon (1/1)

Altars:


Innate Abilities, Weirdness & Mutations

You reflexively headbutt those who attack you in melee.
You have a pair of horns on your head.


Message History

You closely miss the rat. You headbutt the rat.
You kill the rat!
Trog accepts your kill.
A human comes into view.
The human shouts!
A wolf comes into view.
The wolf howls!
The wolf closely misses you. The human barely misses you.
You furiously retaliate!
You headbutt the human! The wolf bites you!
You closely miss the human.
The human is moderately wounded.
You closely miss the wolf. The wolf bites you. The human hits you.
The wolf bites you!
* * * LOW HITPOINT WARNING * * *
A red film seems to cover your vision as you go berserk!
You feel yourself moving faster!
You feel mighty!
You feel a lot more hungry. The wolf closely misses you. The human hits you.
* * * LOW HITPOINT WARNING * * *
The wolf bites you.
You die...

▓<..#...####
▓...#......## .#
▓..##.......# .#
▓##.##.##...# ..#
##.##.###..# ..#
▓#.####.##..# ...+
▓.###..##..## #...#
▓#.....##..###p...#
###..##...##@....#
##..##....#..h...#
#..###..##.#.....#
#..# #.. ####....#
▓▓▓▓ ▓▓▓ ▓▓▓▓▓


You could see a human and a wolf.

Vanquished Creatures
  2 oozes (D)
  2 rats (D)
4 creatures vanquished.

Vanquished Creatures (others)
  2 draconian scorchers (D)
  5 hellions (D)
  A yaktaur (D)
8 creatures vanquished.

Grand Total: 12 creatures vanquished

Notes
Turn   | Place    | Note
-------+----------+-------------------------------------------
     0 | D        | KernelPanic the Minotaur Berserker began the quest for the
                  | Orb.
     0 | D        | Reached XP level 1. HP: 19/19 MP: 0/0
    15 | D        | Reached XP level 2. HP: 19/28 MP: 1/1
   114 | D        | Killed a yaktaur
   117 | D        | Killed a hellion
   117 | D        | Killed a hellion
   117 | D        | Killed a hellion
   126 | D        | Killed a white draconian scorcher
   127 | D        | Killed a white draconian scorcher
   127 | D        | Killed a hellion
   132 | D        | Reached ** piety under Trog
   144 | D        | Killed a hellion
   155 | D        | HP: 1/42 [human (6)]
   155 | D        | Slain by a wolf

Vault maps used:
D:        dungeon_sprint_mu

Skill      XL: |  1 |
---------------+----+-----
Fighting       | 4 |  4.5
Axes           | 4 |  4.5
Armour         | 3 |  3.5
Dodging        | 3 |  3.2

Action                   || total
-------------------------++-------
Melee: Hand axe          ||     9
       Headbutt          ||     4
Invok: Berserk           ||     1
Armor: Animal skin       ||     1
Dodge: Dodged            ||     7

Table legend:
 A = Non-vault XP
 B = Vault XP
 C = Vault XP percentage of total XP
 D = Non-vault monster count
 E = Vault monster count
 F = Vault count percentage of total count
                 A         B        C        D         E       F
            +---------+---------+-------+---------+---------+-------
      Total |       0 |      17 | 100.0 |       0 |       4 | 100.0
            +---------+---------+-------+---------+---------+-------
          D |       0 |      17 | 100.0 |       0 |       4 | 100.0
            +---------+---------+-------+---------+---------+-------
